 Dungeon Crawl Stone Soup version 0.22-a0-228-g3692b995fa (webtiles) character file.

132 Fuhrer the Bolt Thrower (level 4, 37/37 HPs)
             Began as a Deep Dwarf Arcane Marksman on Feb 20, 2018.
             Quit the game on level 3 of the Dungeon.
             The game lasted 00:10:48 (1646 turns).

Fuhrer the Bolt Thrower (DDAM)                      Turns: 1646, Time: 00:10:49

Health: 37/37      AC:  4    Str: 14    XL:     4   Next: 92%
Magic:  2/3        EV: 12    Int: 14    God:
Gold:   37         SH:  0    Dex: 13    Spells: 2/5 levels left

rFire    . . .     SeeInvis +   a - +0 hand crossbow
rCold    . . .     Gourm    .   (no shield)
rNeg     . . .     Faith    .   e - +0 robe
rPois    .         Spirit   .   n - +2 hat {SInv}
rElec    .         Reflect  .   (no cloak)
rCorr    .         Harm     .   (no gloves)
MR       .....                  (no boots)
Stlth    +.........             (no amulet)
HPRegen  0.00/turn              (no ring)
MPRegen  0.08/turn              (no ring)

@: non-regenerating
A: damage resistance, heal wounds, sense surroundings 1, no regeneration
a: Heal Wounds


You were on level 3 of the Dungeon.
You were not hungry.

You visited 1 branch of the dungeon, and saw 3 of its levels.

You collected 37 gold pieces.

Inventory:

Hand Weapons
 a - a +0 hand crossbow (weapon)
 f - a +0 dagger
Missiles
 d - 27 bolts (quivered)
Armour
 e - a +0 robe (worn)
 n - a +2 hat of see invisible (worn)
Scrolls
 h - a scroll of teleportation {unknown}
 i - 4 scrolls of remove curse {unknown}
 k - a scroll of enchant armour {unknown}
 l - a scroll of immolation {unknown}
 o - a scroll of blinking {unknown}
Potions
 b - a potion of degeneration {unknown}
 j - a potion of resistance {unknown}
 m - a potion of curing {unknown}
 p - a potion of heal wounds {unknown}
Comestibles
 c - 6 rations
 g - a chunk of flesh


   Skills:
 - Level 0.8 Fighting
 + Level 4.2 Crossbows
 - Level 2.1 Dodging
 - Level 1.0 Spellcasting
 + Level 3.7 Hexes


You had 2 spell levels left.
You knew the following spells:

 Your Spells              Type           Power        Failure   Level  Hunger
a - Corona                Hex            ##.....      5%          1    ##.....
b - Slow                  Hex            ##......     9%          2    ###....


Dungeon Overview and Level Annotations

Branches:
Dungeon (3/15)

Altars:
Okawaru


Innate Abilities, Weirdness & Mutations

You are resistant to damage.
You can heal yourself by infusing magical energy.
You passively map a small area around you.
You do not regenerate.


Message History

d - 25 bolts (gained 3)
There is a stone staircase leading up, spattered with blood here.
d - 26 bolts (gained 1)
You see here a rat corpse.
There is a stone staircase leading up, spattered with blood here.
You see here a rat corpse.
A rat comes into view.
You see here 2 bolts.
Firing (i - inventory)
d - 26 bolts (quivered)
Press: ? - help, Shift-Dir - straight line, f - rat
Aim: a rat (resting)
You shoot a bolt. The bolt hits the rat!
You kill the rat!
d - 27 bolts (gained 2) Quiver which item? (- for none, * to show all) (? for menu, Esc to quit)
Okay, then.
Are you sure you want to abandon this character and quit the game? (Confirm with "yes".)
Okay, then.
You aren't carrying any pieces of jewellery.
Are you sure you want to abandon this character and quit the game? (Confirm with "yes".)

* , ....†####
* #.....?.# ..
,
#.......#,...
,
#.......#....
, *
#.......#....
#............
,
#............
#....@.......
,#............
, ,
+............
#............
,
+.......###.#
#....†..# #
,*###+#<### ,
* * #.# , , ,
###* *


There were no monsters in sight!

Vanquished Creatures
  A hound (D:3)
  4 adders (D:2)
  2 oozes
  A worm (D:2)
  A dart slug (D:2)
  A leopard gecko (D:2)
  A giant cockroach (D:2)
  4 hobgoblins
  4 jackals (D:1)
  8 bats
  5 frilled lizards
  8 goblins
  6 kobolds
  12 rats
58 creatures vanquished.

Notes
Turn   | Place    | Note
-------+----------+-------------------------------------------
     0 | D:1      | Fuhrer the Deep Dwarf Arcane Marksman began the quest for the Orb.
     0 | D:1      | Reached XP level 1. HP: 16/16 MP: 2/2
     1 | D:1      | Noticed an electric eel
   210 | D:1      | Reached XP level 2. HP: 18/24 MP: 3/3
   394 | D:1      | Reached skill level 3 in Crossbows
   644 | D:1      | Reached XP level 3. HP: 18/30 MP: 4/4
   946 | D:2      | Learned a level 2 spell: Slow
   961 | D:2      | Found a faded altar of an unknown god.
  1135 | D:2      | Reached XP level 4. HP: 20/37 MP: 3/5
  1297 | D:2      | Found an iron altar of Okawaru.
  1343 | D:2      | Reached skill level 4 in Crossbows
  1646 | D:3      | Quit the game

Vault maps used:
D:1:      arrival_aquarium_a, st_stairs_13
D:2:      first_ration, chequers_ecumenical_altar_simple,
          okawaru_ov_weapons_minmay
D:3:      uniq_ijyb

Skill      XL: |  1  2  3  4 |
---------------+-------------+-----
Crossbows      | 3 4 |  4.2
Hexes          | 3 |  3.7
Fighting       | |  0.8
Dodging        | |  2.1
Spellcasting   | |  1.0

Action                   |  1- 3 |  4- 6 || total
-------------------------+-------+-------++-------
Melee: Unarmed           |    14 |       ||    14
       Club              |     2 |       ||     2
       Dagger            |    53 |    24 ||    77
 Fire: Hand crossbow     |    50 |    33 ||    83
 Cast: Corona            |    25 |     7 ||    32
       Slow              |       |     5 ||     5
 Abil: Heal Wounds       |       |     2 ||     2
  Eat: Chunk             |     2 |     2 ||     4
Armor: Robe              |    29 |    17 ||    46
Dodge: Dodged            |    71 |    31 ||   102

Table legend:
 A = Spawn XP
 B = Non-spawn XP
 C = Spawn XP percentage of total XP
 D = Spawn monster count
 E = Non-spawn monster count
 F = Spawn count percentage of total count
 G = Total turns spent on level
                    A         B        C        D         E        F      G
               +---------+---------+-------+---------+---------+-------+---------
         Total |       0 |     189 |   0.0 |       0 |      58 |   0.0 |  1646
               +---------+---------+-------+---------+---------+-------+---------
           D:1 |       0 |      46 |   0.0 |       0 |      27 |   0.0 |   840
           D:2 |       0 |      99 |   0.0 |       0 |      28 |   0.0 |   777
           D:3 |       0 |      44 |   0.0 |       0 |       3 |   0.0 |    29
               +---------+---------+-------+---------+---------+-------+---------
